Unix NetHack Version 5.0.0-0 post-release - last build May 31 2026 23:59:36 (970b52f25bf058293b47ddfd14a1e40e571c508c,branch:main).

Game began 2026-06-02 17:25:22, ended 2026-06-02 17:31:23.

Eymerich, chaotic male elven Priest

                                               ----  -------
                                              --.|.---.....--
                                              |.............|
                                              |.............--
                                   ---     ------.G@.......h.#
                                   |.........................---  -
                                   |  ----- --------..............|
                                                   |........--....-
                                                   |-......-- - ....
                                                   |....^.--    - ....
                                                   --.....|        .....
                                                   ....----          ....-
                                                  |....|              .....
                                                  --...-                .....
                                                   --..                   ...|
                                                    ....                   ..|
                                                   --...                    --
                                                     ...
                                                    -----

Eymerich the Aspirant        St:8 Dx:14 Co:16 In:11 Wi:16 Ch:10  Chaotic
Dlvl:3  $:37 HP:0(23) Pw:21(21) AC:8  Xp:2 T:643 

Latest messages:
 You hit the gnome.
 You are hit by an arrow.
 You are hit by an arrow.
 You hit the gnome.
 You miss the gnome.
 You hit the gnome.
 You hit the gnome.
 You kill the gnome!
 You are still in a pit.
 You crawl to the edge of the pit.
 q - a blessed coarse mantelet.
 r - 2 black gems.
 What do you want to take off? [bc or ?*]
 You were wearing a +0 robe.
 What do you want to wear? [bq or ?*]
 You are now wearing a coarse mantelet.
 You see here a glittering spellbook.
 s - a glittering spellbook.
 The dwarf wields a pick-axe.
 The gnome lord shoots an arrow!
 An arrow misses you.
 t - a cursed arrow.
 What do you want to write with? [- anprt or ?*]
 You write in the dust with 2 black gems.
 Never mind.
 #
 What do you want to name? [a-km-t or ?*]
 What do you want to write with? [- anprt or ?*]
 You engrave in the stairs with a white gem.
 Never mind.
 #
 What do you want to name? [a-km-t or ?*]
 You hear crashing rock.
 You hit the gnome lord.
 You hit the gnome lord.
 The gnome lord swings his bow.
 The gnome lord hits!
 You hit the gnome lord.
 The gnome lord swings his bow.
 The gnome lord hits!
 You hit the gnome lord.
 You hit the gnome lord.
 The gnome lord swings his bow.
 The gnome lord hits!
 You die...
 Do you want your possessions identified? [ynq] (y)
 Do you want to see your attributes? [ynq] (y)
 Do you want an account of creatures vanquished? [ynaq] (y)
 Do you want to see your conduct and achievements? [ynq] (y)
 Do you want to see the dungeon overview? [ynq] (y)

Inventory:
 Coins    ('$')
  $ - 37 gold pieces
 Weapons  (')')
  t - a cursed +0 arrow
  a - a blessed +1 mace
 Armor    ('[')
  c - a +0 small shield (being worn)
  q - a blessed +1 orcish cloak (being worn)
  b - a +0 robe
 Comestibles  ('%')
  e - 2 cloves of garlic
  f - a sprig of wolfsbane
  m - a lichen corpse
 Scrolls  ('?')
  k - a scroll of teleportation
 Spellbooks  ('+')
  s - a spellbook of cure blindness
  h - a blessed spellbook of healing
  g - a spellbook of protection
 Potions  ('!')
  j - a potion of healing
  o - a potion of speed
  d - 4 potions of holy water
 Tools    ('(')
  i - a tooled horn
 Gems/Stones  ('*')
  p - a diamond named hard
  r - 2 worthless pieces of black glass named soft
  n - a worthless piece of orange glass named soft

Eymerich the Priest's attributes:

Background:
 You were an Aspirant, a level 2 elven Priest.
 You were chaotic, on a mission for Kos
 who was opposed by Issek (lawful) and Mog (neutral).
 You were right-handed.
 You were in the Gnomish Mines, on level 3.
 You entered the dungeon 643 turns ago.
 There was a full moon in effect when your adventure ended.
 You had 37 experience points, 3 more were needed to attain level 3.

Basics:
 You had 0 out of 23 hit points.
 You had all 21 energy points (spell power).
 Your armor class was 8.
 Your wallet contained 37 zorkmids.
 Autopickup was off.

Final Characteristics:
 Your strength was 8 (limit:18).
 Your dexterity was 14 (limit:18).
 Your constitution was 16 (limit:16).
 Your intelligence was 11 (limit:20).
 Your wisdom was 16 (limit:20).
 Your charisma was 10 (limit:18).

Final Status:
 You weren't hungry.
 You were unencumbered.
 You were bare handed.
 You were unskilled in bare handed combat.

Final Attributes:
 You were fervently aligned.
 You had infravision.
 You were warded.
 You were lucky.
 You are dead.

Miscellaneous:
 You didn't encounter any bones levels.
 Total elapsed playing time was 5 minutes and 59 seconds.

Major events:
 Turn
    1: Eymerich the chaotic elven Priest entered the dungeon
  596: entered the Gnomish Mines
  643: killed by a gnome lord

Spells:
 Name                 Level Category     Fail Retention
 protection             1   clerical       0%  91%-100%
 healing                1   healing        0%  76%-100%

Skills:
 Fighting Skills
   bare handed combat [Unskilled]
 Weapon Skills
   club               [Unskilled]
   mace               [Basic]
   morning star       [Unskilled]
   flail              [Unskilled]
   hammer             [Unskilled]
   quarterstaff       [Unskilled]
   polearms           [Unskilled]
   spear              [Unskilled]
   trident            [Unskilled]
   lance              [Unskilled]
   bow                [Unskilled]
   sling              [Unskilled]
   crossbow           [Unskilled]
   dart               [Unskilled]
   shuriken           [Unskilled]
   boomerang          [Unskilled]
   unicorn horn       [Unskilled]
 Spellcasting Skills
   healing spells     [Unskilled]
   divination spells  [Unskilled]
   clerical spells    [Basic]

Voluntary challenges:
 Character rerolling was not enabled.
 You were an atheist.
 You were illiterate.
 You never genocided any monsters.
 You never polymorphed an object.
 You never changed form.
 You used no wishes.
Achievement:
 You entered the Gnomish Mines.

 The Dungeons of Doom: levels 1 to 2
    Level 1: "vault"
    Level 2: "vault"
       Stairs down to The Gnomish Mines.
 The Gnomish Mines:
    Level 3: <- You were here.
       Final resting place for
          you, killed by a gnome lord.


Vanquished creatures:
  a coyote
  a gnome
  a jackal
  a goblin
  5 lichens
  2 newts
11 creatures vanquished.

No species were genocided or became extinct.

Game over:
                       ----------
                      /          \
                     /    REST    \
                    /      IN      \
                   /     PEACE      \
                  /                  \
                  |     Eymerich     |
                  |      37 Au       |
                  |   killed by a    |
                  |    gnome lord    |
                  |                  |
                  |                  |
                  |       2026       |
                 *|     *  *  *      | *
        _________)/\\_//(\/(/\)/\//\/|_)_______

Goodbye Eymerich the Priest...

You died in The Gnomish Mines on dungeon level 3 with 282 points,
and 37 pieces of gold, after 643 moves.
You were level 2 with a maximum of 23 hit points when you died.

